Map: Romanticide LE

Players

Maplez - Winner!

  • Race: Protoss Protoss
  • League: Grandmaster
  • Spawn Location: 5:00

YeraldSC

  • Race: Terran Terran
  • League: Grandmaster
  • Spawn Location: 11:00

VOD

Have the link to the VOD?

Description

Time

  • Played on: Feb. 4, 2021, 11:08 p.m.
  • Length: 10:21
Show
View Real Time Build Order
Export as new Build Order

Maplez Protoss - Winner!

Build Orders: Blink Stalkers 

Get SALT Encoding   

  12  0:00  Probe  
  13  0:12  Probe  
  14  0:18  Pylon  
  14  0:24  Probe (Chrono Boost)  
  15  0:36  Probe (Chrono Boost)  
  15  0:39  Gateway  
  16  0:45  Probe (Chrono Boost)  
  16  0:49  Assimilator  
  17  0:51  Probe  
  18  1:03  Probe  
  19  1:15  Probe  
  20  1:26  Zealot, Cybernetics Core  
  20  1:29  Probe  
  20  1:32  Pylon  
  23  1:55  Nexus  
  23  2:00  Adept (Chrono Boost)  
  24  2:06  Probe  
  26  2:09  Warp Gate  
  26  2:13  Assimilator  
  26  2:20  Adept (Chrono Boost)  
  26  2:23  Probe  
  29  2:35  Probe  
  30  2:38  Twilight Council  
  30  2:50  Probe  
  31  2:55  Pylon  
  31  3:05  Adept  
  31  3:06  Probe (Chrono Boost)  
  31  3:10  Blink (Chrono Boost), Probe (Chrono Boost)  
  33  3:23  Gateway, Probe (Chrono Boost)  
  34  3:39  Probe  
  35  3:41  Probe  
  36  3:51  Probe  
  36  3:53  Probe  
  34  3:55  Gateway  
  34  3:58  Stalker  
  34  3:59  Robotics Facility  
  36  4:03  Probe  
  36  4:05  Probe  
  36  4:07  Gateway  
  38  4:15  Probe  
  39  4:18  Probe  
  39  4:19  Stalker  
  39  4:21  Stalker  
  44  4:27  Probe  
  45  4:33  Probe  
  45  4:34  Pylon  
  46  4:39  Probe  
  46  4:42  Pylon  
  47  4:45  Probe  
  47  4:46  Stalker  
  47  4:47  Observer  
  47  4:49  Stalker  
  47  4:51  Probe  
  54  4:54  Assimilator  
  54  4:58  Probe  
  55  5:00  Pylon  
  55  5:03  Probe  
  56  5:07  Pylon  
  56  5:09  Stalker  
  56  5:11  Stalker  
  56  5:13  Probe (Chrono Boost)  
  61  5:17  Stalker  
  63  5:23  Probe (Chrono Boost)  
  63  5:26  Probe (Chrono Boost)  
  65  5:29  Assimilator  
  65  5:33  Probe (Chrono Boost)  
  66  5:38  Nexus  
  66  5:41  Pylon  
  66  5:43  Observer  
  66  5:49  Observer  
  67  5:50  Robotics Bay  
  67  5:54  Probe  
  67  5:55  Forge  
  68  5:57  Charge  
  68  6:04  Probe  
  68  6:06  Probe  
  70  6:13  Stalker  
  70  6:14  Stalker  
  70  6:16  Probe  
  70  6:18  Probe  
  76  6:19  Observer  
  76  6:28  Probe  
  76  6:29  Stalker  
  76  6:30  Stalker, Probe  
  82  6:35  Colossus (Chrono Boost)  
  88  6:40  Observer, Probe  
  88  6:45  Protoss Ground Weapons Level 1 (Chrono Boost)  
  89  6:49  Gateway  
  89  6:50  Gateway  
  89  6:51  Probe  
  89  6:54  Probe  
  91  6:55  Probe  
  92  7:03  Probe  
  92  7:05  Stalker x2  
  92  7:06  Probe  
  97  7:11  Extended Thermal Lance (Chrono Boost)  
  96  7:18  Sentry  
  98  7:24  Probe  
  98  7:28  Probe  
  98  7:29  Gateway x2, Pylon  
  99  7:35  Assimilator, Gateway  
  99  7:36  Assimilator  
  99  7:37  Zealot x2, Pylon  
  99  7:42  Colossus (Chrono Boost)  
  103  7:48  Pylon  
  103  7:50  Sentry  
  111  7:51  Probe  
  111  7:54  Probe  
  111  7:55  Observer, Probe  
  114  8:03  Probe  
  115  8:06  Probe  
  115  8:07  Probe  
  115  8:08  Zealot x3  
  115  8:09  Zealot x2  
  129  8:21  Pylon  
  129  8:25  Warp Prism (Chrono Boost)  
  129  8:26  Nexus  
  129  8:38  Templar Archives  
  129  8:39  Probe x2  
  129  8:40  Probe  
  132  8:43  Forge  
  132  8:46  Pylon  
  132  8:47  Observer  
  132  8:50  Zealot x3  
  132  8:53  Probe  
  132  8:54  Probe  
  132  8:55  Observer (Chrono Boost)  
  141  9:01  Pylon  
  141  9:04  Pylon, Probe  
  141  9:06  Pylon  
  142  9:14  High Templar x3  
  148  9:19  High Templar  
  148  9:20  High Templar x2  
  148  9:21  Zealot  
  148  9:22  Zealot  
  148  9:23  Archon  
  148  9:24  Archon, Zealot  
  158  9:25  Archon  
  154  9:43  Zealot x2  
  134  9:47  Zealot  
  134  9:48  Zealot x2  
  134  9:49  Zealot  
  126  9:53  Zealot  
  126  9:54  Zealot  
  120  10:02  Zealot  
  120  10:06  Probe  
  109  10:15  Zealot x9  
Show
View Real Time Build Order
Export as new Build Order

YeraldSC Terran 

Build Orders: Reaper Expand 

Get SALT Encoding   

  12  0:00  SCV  
  13  0:12  SCV  
  14  0:17  Supply Depot  
  14  0:24  SCV  
  15  0:38  SCV  
  15  0:40  Barracks  
  16  0:43  Refinery  
  16  0:50  SCV  
  17  1:03  SCV  
  18  1:15  SCV  
  18  1:27  SCV  
  19  1:39  Reaper, Orbital Command  
  19  1:51  Command Center  
  19  1:59  Supply Depot  
  19  2:05  SCV  
  20  2:10  Marine  
  21  2:17  SCV  
  22  2:23  Factory  
  22  2:29  SCV  
  23  2:33  Barracks Reactor  
  22  2:39  Refinery  
  22  2:41  SCV  
  23  2:44  Supply Depot  
  23  2:53  SCV  
  24  3:05  SCV  
  25  3:11  Marine x2  
  25  3:12  Widow Mine  
  28  3:17  SCV  
  29  3:22  Starport  
  29  3:29  Marine x2, SCV  
  31  3:35  Widow Mine  
  32  3:41  SCV  
  31  3:53  SCV  
  30  3:55  Marine x2  
  34  4:06  SCV  
  35  4:13  Marine x2  
  35  4:14  Factory Tech Lab  
  35  4:18  SCV  
  35  4:21  Medivac  
  38  4:31  Marine x2, Orbital Command  
  38  4:34  Siege Tank  
  44  4:38  SCV  
  44  4:45  Supply Depot  
  44  4:49  Marine x2  
  46  4:54  SCV  
  46  4:58  SCV  
  48  5:04  Liberator  
  48  5:06  SCV  
  52  5:10  Marine, Supply Depot  
  52  5:11  Marine  
  54  5:14  SCV  
  54  5:18  SCV  
  56  5:21  Barracks  
  56  5:26  SCV  
  51  5:30  SCV  
  51  5:33  Supply Depot  
  51  5:34  Barracks  
  52  5:37  Marine x2  
  52  5:39  Siege Tank  
  52  5:42  SCV  
  58  5:43  Refinery  
  58  5:46  SCV  
  59  5:51  Starport Tech Lab  
  59  5:54  SCV  
  59  5:56  Engineering Bay, Supply Depot  
  60  5:58  Marine x2  
  60  5:59  SCV  
  63  6:06  SCV  
  63  6:07  Starport Tech Lab  
  62  6:12  SCV  
  62  6:15  Marine  
  62  6:16  Marine  
  65  6:18  SCV  
  65  6:25  SCV  
  66  6:26  Terran Infantry Weapons Level 1  
  66  6:30  SCV  
  67  6:35  Barracks Tech Lab  
  67  6:36  Refinery, Command Center  
  67  6:40  SCV  
  67  6:43  SCV  
  67  6:44  Marine  
  67  6:45  Marine  
  71  6:49  Supply Depot  
  71  6:52  SCV  
  71  6:53  Siege Tank  
  71  6:58  SCV  
  69  7:04  SCV  
  69  7:08  Marine x2  
  70  7:09  Marauder x2  
  70  7:13  SCV  
  74  7:19  SCV  
  74  7:21  Combat Shield  
  75  7:25  SCV  
  75  7:30  Marine x2  
  75  7:31  Marauder  
  75  7:34  Barracks  
  75  7:35  Barracks  
  75  7:36  SCV  
  80  7:44  Stimpack  
  80  7:47  Starport Reactor, SCV  
  80  7:50  Marauder  
  83  7:51  Marine x2  
  83  7:54  SCV  
  86  7:59  Supply Depot  
  86  8:01  Siege Tank  
  85  8:08  Marauder  
  85  8:09  Marine x2  
  88  8:13  SCV x2  
  88  8:18  Marauder  
  92  8:21  Orbital Command  
  92  8:23  Barracks Reactor  
  92  8:24  Barracks Tech Lab  
  92  8:27  SCV  
  92  8:28  SCV  
  94  8:35  Medivac x2  
  94  8:39  SCV  
  99  8:42  SCV  
  99  8:43  Supply Depot  
  99  8:47  SCV  
  99  8:48  Supply Depot  
  101  8:51  SCV  
  101  8:53  Marauder x2  
  101  8:54  SCV  
  101  8:55  Marauder  
  109  8:57  Marine x2  
  109  9:00  Marine x2  
  109  9:02  SCV  
  114  9:03  SCV  
  115  9:11  Supply Depot  
  115  9:12  Missile Turret  
  115  9:13  Missile Turret  
  115  9:14  Supply Depot  
  115  9:15  Medivac x2  
  119  9:19  SCV x2  
  119  9:20  SCV  
  122  9:25  Marauder x3  
  122  9:29  Siege Tank  
  131  9:34  Supply Depot  
  131  9:35  Marine  
  131  9:36  Marine  
  128  9:43  Marine  
  106  9:46  Marine, Marauder x2  
  106  9:47  Marauder  
  86  9:53  Marine x2  
  71  10:01  Marine  
Tags
 
Add a new tag
Caveats
  • Supply blocks, unpowered buildings, or Contaminate may cause inaccurate times.
  • Supply counts are checked every 10 seconds.